General information
- name: BNet
- type: Ladder team game (AT/RT)
- host: Battle.net
- saver: GOKUMAN69
map: Highperch
- players: 6
- length: 146:18
- speed: Fast
- version: 1.21 W3XP
- replay type: Public
» download(464 KB)
Players
team 1 (winner)
MeF- (
orange | 9 APM | 1166 actions | 127:53)
5 Keeper of the Grove
3 Entangling Roots
2 Force of Nature
4 Priestess of the Moon
2 Trueshot Aura
2 Searing Arrows
» actions
| Assign group hotkey | 18 | |
| Build / train | 81 | |
| ESC pressed | 1 | |
| Enter build submenu | 19 | |
| Enter hero's abilities submenu | 9 | |
| Give item / drop item | 2 | |
| Remove unit from queue | 5 | |
| Right click | 325 | |
| Select / deselect | 361 | |
| Select group hotkey | 279 | |
| Use ability | 66 | |
1166 total
» units
| Wisp | 18 | |
| Huntress | 3 | |
| Druid of the Claw | 15 | |
| Hippogryph | 12 | |
48 total
» upgrades
| Druid of the Claw Training | 2 | |
| Mark of the Claw | 1 | |
| Reinforced Hides | 3 | |
| Strength of the Wild | 3 | |
9 total
» buildings
| Moon Well | 7 | |
| Altar of Elders | 1 | |
| Hunter's Hall | 1 | |
| Ancient of War | 2 | |
| Ancient of Wonders | 1 | |
| Tree of Ages | 1 | |
| Tree of Eternity | 1 | |
| Ancient of Lore | 2 | |
| Tree of Life | 1 | |
| Ancient of Wind | 1 | |
18 total
» build order
00:22 Moon Well
00:41 Altar of Elders
01:12 Hunter's Hall
01:46 Ancient of War
02:06 Ancient of War
02:20 Moon Well
02:57 Ancient of Wonders
03:57 Moon Well
04:22 Tree of Ages
06:04 Moon Well
06:43 Tree of Eternity
06:50 Ancient of Lore
07:02 Ancient of Lore
08:08 Tree of Life
08:50 Moon Well
14:18 Moon Well
15:10 Ancient of Wind
20:14 Moon Well
» items
| Lesser Clarity Potion | 1 | |
| Orb of Venom | 1 | |
| Anti-magic Potion | 1 | |
3 total
GOKUMAN69 (
green | 52 APM | 7615 actions | 146:18)
10 Dark Ranger
3 Silence
3 Black Arrow
1 Charm
3 Life Drain
» actions
| Assign group hotkey | 15 | |
| Basic commands | 9 | |
| Build / train | 110 | |
| Enter build submenu | 43 | |
| Enter hero's abilities submenu | 11 | |
| Give item / drop item | 3 | |
| Remove unit from queue | 2 | |
| Right click | 4928 | |
| Select / deselect | 1462 | |
| Select group hotkey | 735 | |
| Use ability | 297 | |
7615 total
» units
| Acolyte | 9 | |
| Ghoul | 9 | |
| Gargoyle | 27 | |
| Frost Wyrm | 4 | |
49 total
» upgrades
| Cannibalize | 1 | |
| Creature Attack | 3 | |
| Creature Carapace | 3 | |
| Stone Form | 1 | |
| Freezing Breath | 1 | |
9 total
» buildings
| Altar of Darkness | 1 | |
| Ziggurat | 25 | |
| Crypt | 2 | |
| Tomb of Relics | 1 | |
| Graveyard | 1 | |
| Nerubian Tower | 16 | |
| Halls of the Dead | 1 | |
| Necropolis | 1 | |
| Black Citadel | 1 | |
| Spirit Tower | 3 | |
| Sacrificial Pit | 1 | |
| Boneyard | 1 | |
| Tree of Life | 2 | |
56 total
» build order
00:13 Altar of Darkness
00:15 Ziggurat
00:36 Crypt
01:21 Tomb of Relics
01:23 Ziggurat
01:52 Graveyard
03:39 Nerubian Tower
04:05 Halls of the Dead
05:08 Ziggurat
07:05 Necropolis
08:51 Crypt
09:13 Ziggurat
09:24 Black Citadel
10:57 Ziggurat
13:14 Ziggurat
13:15 Ziggurat
14:33 Ziggurat
14:41 Ziggurat
14:46 Ziggurat
15:38 Ziggurat
15:41 Ziggurat
15:44 Ziggurat
18:18 Spirit Tower
20:05 Sacrificial Pit
20:45 Ziggurat
20:48 Ziggurat
21:05 Boneyard
23:59 Spirit Tower
24:00 Spirit Tower
24:14 Ziggurat
24:18 Ziggurat
24:27 Ziggurat
24:34 Ziggurat
24:39 Ziggurat
25:12 Nerubian Tower
25:12 Nerubian Tower
25:38 Nerubian Tower
25:38 Nerubian Tower
28:55 Nerubian Tower
28:55 Nerubian Tower
28:59 Ziggurat
29:54 Nerubian Tower
29:54 Nerubian Tower
49:24 Ziggurat
49:43 Ziggurat
49:46 Ziggurat
50:22 Nerubian Tower
50:38 Nerubian Tower
50:39 Nerubian Tower
51:28 Nerubian Tower
51:28 Nerubian Tower
52:04 Ziggurat
58:37 Nerubian Tower
118:22 Tree of Life
120:42 Tree of Life
» items
| Rod of Necromancy | 1 | |
| Tiny Great Hall | 2 | |
| Staff of Preservation | 1 | |
| Staff of Teleportation | 1 | |
| Scroll of Town Portal | 2 | |
| Boots of Speed | 1 | |
8 total
Thug_Life07 (
teal | 13 APM | 687 actions | 52:02)
5 Far Seer
3 Feral Spirit
2 Chain Lighting
» actions
| Assign group hotkey | 7 | |
| Basic commands | 21 | |
| Build / train | 54 | |
| Enter build submenu | 18 | |
| Enter hero's abilities submenu | 5 | |
| Right click | 322 | |
| Select / deselect | 200 | |
| Select group hotkey | 10 | |
| Use ability | 50 | |
687 total
» units
| Peon | 8 | |
| Grunt | 5 | |
| Tauren | 12 | |
| Shaman | 11 | |
36 total
» upgrades
| Shaman Training | 2 | |
| Melee Weapons | 2 | |
| Armor | 2 | |
| Pulverize | 1 | |
7 total
» buildings
| Altar of Storms | 1 | |
| Orc Burrow | 9 | |
| Barracks | 1 | |
| War Mill | 1 | |
| Voodoo Lounge | 1 | |
| Stronghold | 1 | |
| Fortress | 1 | |
| Spirit Lodge | 1 | |
| Tauren Totem | 2 | |
18 total
» build order
00:23 Altar of Storms
00:38 Orc Burrow
01:13 Orc Burrow
01:24 Barracks
01:52 War Mill
02:09 Orc Burrow
03:06 Voodoo Lounge
03:34 Stronghold
05:10 Orc Burrow
06:19 Orc Burrow
06:20 Fortress
06:27 Spirit Lodge
09:21 Tauren Totem
09:25 Tauren Totem
09:38 Orc Burrow
09:46 Orc Burrow
14:20 Orc Burrow
14:26 Orc Burrow
» items
team 2 (loser)
the-taider2 (
yellow | 29 APM | 2282 actions | 77:41)
6 Warden
3 Shadow Strike
2 Blink
1 Spirit of Vengeance
3 Goblin Tinker
2 Pocket Factory
1 Engineering Upgrade
» actions
| Assign group hotkey | 28 | |
| Basic commands | 18 | |
| Build / train | 122 | |
| Enter build submenu | 27 | |
| Enter hero's abilities submenu | 9 | |
| Give item / drop item | 6 | |
| Remove unit from queue | 1 | |
| Right click | 763 | |
| Select / deselect | 750 | |
| Select group hotkey | 321 | |
| Use ability | 237 | |
2282 total
» units
| Wisp | 33 | |
| Huntress | 5 | |
| Druid of the Claw | 11 | |
| Mountain Giant | 7 | |
| Hippogryph | 24 | |
| Druid of the Talon | 9 | |
89 total
» upgrades
| Druid of the Claw Training | 2 | |
| Reinforced Hides | 3 | |
| Strength of the Wild | 3 | |
| Mark of the Claw | 1 | |
| Hardened Skin | 1 | |
| Resistant Skin | 1 | |
| Nature's Blessing | 1 | |
| Well Spring | 1 | |
| Ultravision | 1 | |
| Druid of the Talon Training | 2 | |
| Mark of the Talon | 1 | |
17 total
» buildings
| Moon Well | 8 | |
| Altar of Elders | 1 | |
| Hunter's Hall | 1 | |
| Ancient of War | 2 | |
| Tree of Ages | 1 | |
| Ancient Protector | 8 | |
| Tree of Life | 1 | |
| Ancient of Lore | 2 | |
| Tree of Eternity | 1 | |
| Ancient of Wonders | 1 | |
| Ancient of Wind | 2 | |
28 total
» build order
00:11 Moon Well
00:15 Altar of Elders
01:31 Hunter's Hall
02:03 Ancient of War
02:23 Ancient of War
02:35 Moon Well
04:15 Moon Well
04:49 Tree of Ages
05:15 Ancient Protector
05:27 Ancient Protector
06:53 Tree of Life
07:31 Ancient of Lore
07:33 Tree of Eternity
08:37 Ancient of Lore
09:20 Ancient Protector
09:33 Ancient Protector
11:40 Moon Well
12:39 Moon Well
13:09 Ancient of Wonders
13:38 Moon Well
14:36 Moon Well
20:29 Moon Well
26:07 Ancient of Wind
26:21 Ancient Protector
26:27 Ancient Protector
26:30 Ancient Protector
26:32 Ancient Protector
31:15 Ancient of Wind
» items
| Staff of Preservation | 1 | |
| Staff of Teleportation | 1 | |
2 total
Schnell (
purple | 28 APM | 4164 actions | 146:10)
6 Priestess of the Moon
3 Trueshot Aura
2 Searing Arrows
1 Starfall
5 Keeper of the Grove
3 Entangling Roots
2 Thorns Aura
» actions
| Assign group hotkey | 35 | |
| Basic commands | 145 | |
| Build / train | 72 | |
| ESC pressed | 12 | |
| Enter build submenu | 28 | |
| Enter hero's abilities submenu | 11 | |
| Give item / drop item | 7 | |
| Right click | 1783 | |
| Select / deselect | 770 | |
| Select group hotkey | 1105 | |
| Use ability | 196 | |
4164 total
» units
| Wisp | 11 | |
| Archer | 11 | |
| Dryad | 11 | |
| Faerie Dragon | 5 | |
| Chimaera | 8 | |
46 total
» upgrades
| Strength of the Wild | 3 | |
| Well Spring | 1 | |
| Abolish Magic | 1 | |
| Ultravision | 1 | |
| Reinforced Hides | 3 | |
| Corrosive Breath | 1 | |
10 total
» buildings
| Altar of Elders | 1 | |
| Moon Well | 10 | |
| Ancient of War | 2 | |
| Tree of Ages | 1 | |
| Hunter's Hall | 1 | |
| Ancient of Lore | 2 | |
| Tree of Eternity | 1 | |
| Ancient of Wonders | 1 | |
| Ancient of Wind | 1 | |
| Tree of Life | 1 | |
| Chimaera Roost | 2 | |
23 total
» build order
00:04 Altar of Elders
00:05 Moon Well
00:50 Ancient of War
01:31 Moon Well
01:43 Moon Well
02:49 Moon Well
03:46 Moon Well
04:15 Tree of Ages
04:44 Moon Well
05:42 Moon Well
05:49 Hunter's Hall
06:41 Moon Well
06:53 Ancient of Lore
06:57 Ancient of Lore
07:45 Tree of Eternity
13:00 Ancient of War
13:03 Ancient of Wonders
13:18 Moon Well
14:43 Moon Well
15:47 Ancient of Wind
22:27 Tree of Life
23:19 Chimaera Roost
23:22 Chimaera Roost
» items
Gorilla (
blue | 34 APM | 3206 actions | 95:40)
5 Crypt Lord
2 Carrion Beetles
3 Spiked Carapace
5 Death Knight
3 Death Pact
2 Death Coil
» actions
| Basic commands | 23 | |
| Build / train | 82 | |
| ESC pressed | 1 | |
| Enter build submenu | 26 | |
| Enter hero's abilities submenu | 10 | |
| Give item / drop item | 3 | |
| Remove unit from queue | 3 | |
| Right click | 2016 | |
| Select / deselect | 955 | |
| Use ability | 87 | |
3206 total
» units
| Acolyte | 6 | |
| Ghoul | 5 | |
| Crypt Fiend | 15 | |
| Obsidian Statue | 3 | |
| Frost Wyrm | 13 | |
42 total
» upgrades
| Creature Attack | 3 | |
| Creature Carapace | 3 | |
| Web | 1 | |
| Freezing Breath | 1 | |
8 total
» buildings
| Ziggurat | 14 | |
| Crypt | 1 | |
| Altar of Darkness | 1 | |
| Graveyard | 1 | |
| Nerubian Tower | 2 | |
| Halls of the Dead | 2 | |
| Tomb of Relics | 1 | |
| Black Citadel | 1 | |
| Sacrificial Pit | 1 | |
| Slaughterhouse | 1 | |
| Spirit Tower | 6 | |
| Boneyard | 3 | |
34 total
» build order
00:08 Ziggurat
00:10 Crypt
00:35 Altar of Darkness
01:00 Graveyard
01:28 Ziggurat
02:29 Nerubian Tower
04:15 Halls of the Dead
04:29 Ziggurat
04:55 Halls of the Dead
06:04 Ziggurat
06:13 Tomb of Relics
06:37 Ziggurat
06:53 Ziggurat
07:41 Nerubian Tower
07:49 Black Citadel
07:53 Sacrificial Pit
08:06 Slaughterhouse
08:22 Spirit Tower
08:27 Ziggurat
09:19 Ziggurat
09:21 Spirit Tower
09:26 Ziggurat
10:15 Boneyard
10:19 Boneyard
11:18 Boneyard
11:31 Spirit Tower
12:08 Spirit Tower
23:28 Ziggurat
23:30 Ziggurat
23:33 Ziggurat
23:35 Ziggurat
23:37 Ziggurat
24:24 Spirit Tower
24:42 Spirit Tower
» items
| Potion of Healing | 2 | |
| Scroll of Town Portal | 1 | |
| Orb of Corruption | 1 | |
| Staff of Teleportation | 1 | |
| Staff of Preservation | 1 | |
6 total
Chat log
(00:13 / Allies) Thug_Life07: GRUNT TAUR
(00:25 / Allies) GOKUMAN69: going highperch
(00:31 / Allies) Thug_Life07: huh?
(01:15 / Allies) GOKUMAN69: get shops
(06:30 / Allies) Thug_Life07: i got dealy
(06:50 / Allies) Thug_Life07: where to?>
(07:19 / All) Thug_Life07: and this is when i lag out
(07:20 / All) Thug_Life07: gayness
(08:15 / Allies) Thug_Life07: control me
(09:06 / Allies) Thug_Life07: we lost
(09:09 / Allies) GOKUMAN69: not yet
(09:26 / Allies) Thug_Life07: dude
(09:29 / Allies) Thug_Life07: i cant control my units
(09:32 / Allies) Thug_Life07: and u guys wont help
(09:40 / Allies) GOKUMAN69: i will
(10:01 / Allies) Thug_Life07: 4 second delay
(10:04 / Allies) Thug_Life07: ill build units
(10:34 / Allies) Thug_Life07: I NEED TO BUY A TP
(10:36 / Allies) Thug_Life07: W/E
(11:44 / Allies) Thug_Life07: USE UNITS PLZ
(12:36 / Allies) Thug_Life07: CHRIST I HATE LAGGING
(12:41 / Allies) Thug_Life07: GOD DAMMIT
(12:43 / Allies) Thug_Life07: DELAY
(12:46 / Allies) Thug_Life07: BLOW BALLS
(13:56 / Allies) Thug_Life07: WHERE AM I GOIN?
(13:59 / Allies) Thug_Life07: CONTROL ME?
(14:36 / Allies) Thug_Life07: UM,
(14:38 / Allies) Thug_Life07: GREEN?
(14:54 / Allies) GOKUMAN69: br
(14:55 / Allies) GOKUMAN69: t
(14:57 / Allies) GOKUMAN69: bbbb
(15:05 / Allies) Thug_Life07: topo late im dead u fukin noob
(15:51 / Allies) Thug_Life07: or not green
(16:03 / Allies) Thug_Life07: or orange
(16:06 / Allies) Thug_Life07: godu noobs
(16:22 / Allies) Thug_Life07: ATTAK
(16:22 / Allies) Thug_Life07: GOGOGOGOG
(16:29 / Allies) Thug_Life07: GREEN U NOOB
(17:39 / Allies) Thug_Life07: will soemone control me
(17:42 / Allies) Thug_Life07: ill suicide i swewar
(17:58 / Allies) Thug_Life07: suiciding
(18:22 / Allies) MeF-: b
(18:32 / Allies) Thug_Life07: suiciding
(18:47 / All) Schnell: D:
(18:54 / All) Thug_Life07: suiciding
(19:01 / All) Schnell: Y?
(19:03 / All) Thug_Life07: massin teh suicid
(19:11 / All) Thug_Life07: i got a delay and cant paly
(19:14 / All) Thug_Life07: but i sed id stay to build units
(19:14 / Allies) GOKUMAN69: gold me
(19:20 / All) Schnell: Thats right
(19:21 / All) Thug_Life07: but they dont wanna use the units i build
(19:24 / All) Thug_Life07: so i suicide :))
(19:28 / All) Schnell: YOu made a pregame excuse
(19:29 / All) Schnell: Forgot
(19:30 / All) Thug_Life07: that and greens a noob
(19:39 / All) Thug_Life07: i did?
(19:46 / Allies) GOKUMAN69: gold me please
(19:49 / All) Thug_Life07: a pregame excuse?
(19:53 / All) Schnell: Yeah
(19:55 / All) Gorilla: u got caught by my frostys
(19:56 / All) Thug_Life07: no literally
(19:58 / All) Schnell: "oh this is when i start lagging"
(20:01 / All) Thug_Life07: my screen will freeze
(20:04 / All) Thug_Life07: and speed up
(20:08 / All) Thug_Life07: HAHAHA
(20:10 / All) Thug_Life07: ur funny guy
(20:12 / All) Schnell: Get a new comp
(20:19 / All) Thug_Life07: not my comp
(20:22 / All) Thug_Life07: wireless
(20:24 / All) Schnell: Like $200 will play this game
(20:27 / All) Thug_Life07: fixing it tomorrow btw
(20:28 / Allies) MeF-: wtf
(20:30 / All) Schnell: Buy a wireless card
(20:30 / All) Thug_Life07: pay day
(20:37 / All) Thug_Life07: i have one lol
(20:43 / All) Schnell: Err cord
(20:43 / All) Thug_Life07: low signal strength
(20:54 / All) Thug_Life07: cord is downstairs
(21:06 / All) Thug_Life07: :D
(21:22 / Allies) MeF-: wtf green
(21:25 / Allies) MeF-: you sucks
(21:27 / Allies) MeF-: hard
(21:29 / Allies) GOKUMAN69: gold me
(21:32 / All) Thug_Life07: greens a noob though so it dont matter
(21:39 / All) Schnell: k
(21:49 / All) Thug_Life07: mass gargs vs spiders
(21:57 / All) Thug_Life07: n wyrms
(22:00 / All) Thug_Life07: n arch
(22:02 / All) Schnell: Tauren vs wyrms
(22:12 / All) Thug_Life07: haha
(22:22 / All) Thug_Life07: yeah my tauren were meat
(22:27 / Allies) GOKUMAN69: gold me fot the win
(22:33 / All) Thug_Life07: kinda like
(22:38 / All) Thug_Life07: yellows mg
(22:41 / All) Thug_Life07: LOL
(22:45 / All) Thug_Life07: GREEN SAYS
(22:50 / All) Thug_Life07: GOLD ME OFR THE WIN GUYS
(23:03 / All) Thug_Life07: HES GONA WIN WATCH OUT IM GONNA GIVE HIM GOLD
(23:05 / All) Schnell: Where are their units
(23:16 / All) Schnell: Does he think that base on the right side of the map will win?
(23:20 / All) Thug_Life07: HE DONT HAVE NE
(23:31 / All) Thug_Life07: lol u knew he was there?
(23:36 / All) Schnell: Yes.
(23:39 / All) Schnell: I maphack.
(23:54 / All) Thug_Life07: yea ok...
(24:15 / All) Thug_Life07: how many cold towers does he have on the plateau?
(24:16 / All) Schnell: DO DO DO
(24:22 / All) Schnell: Infinity
(24:41 / All) Thug_Life07: omg maphack
(24:43 / All) Thug_Life07: lol
(24:54 / All) Gorilla: i built the,m
(25:03 / All) Thug_Life07: i just wanna see how this plays out
(25:11 / All) Schnell: Chims coming
(25:14 / All) Schnell: So wt wont play out
(25:17 / All) GOKUMAN69: I'm going to win
(26:17 / All) Thug_Life07: dammit
(26:22 / All) Thug_Life07: }
(26:24 / All) Thug_Life07: :(
(27:01 / All) Schnell: HOw do you get up there wtf
(27:13 / Allies) Thug_Life07: BB
(27:26 / All) Thug_Life07: mass pwnage?
(27:32 / All) Gorilla: hahah
(27:40 / All) GOKUMAN69: so I'm a noob teal?
(27:42 / All) Thug_Life07: i thought u knew about the plateau?
(27:45 / All) Thug_Life07: or was taht blue?
(27:50 / All) Thug_Life07: yes ur noob
(27:50 / All) Schnell: I knew it was there
(27:57 / All) Thug_Life07: ?
(28:18 / All) Thug_Life07: so wut u guys gonna do...
(28:21 / All) Schnell: Win.
(28:29 / All) GOKUMAN69: nope
(28:34 / All) Thug_Life07: how?
(28:35 / All) GOKUMAN69: got charm
(28:37 / All) Schnell: You think a few gargs can win?
(28:46 / All) Thug_Life07: up there
(28:49 / All) Thug_Life07: possible
(28:58 / All) Thug_Life07: unleess u kill ur army to mass hipps wit full upgrades
(29:03 / All) Thug_Life07: u guys r gonna win dont worry
(29:16 / All) GOKUMAN69: but I got towers up here
(29:20 / All) Schnell: So?
(29:42 / All) Thug_Life07: 2 armies of hippos and an army of frost is gonna pwn u
(29:51 / Allies) Thug_Life07: get dust??
(29:59 / All) Thug_Life07: or u can tp to ur chica
(30:21 / All) Thug_Life07: hes gonna draw u to his hippopotamus's
(30:48 / All) Schnell: :(
(31:55 / Allies) Thug_Life07: ur ognna charm his whole army?
(32:18 / Allies) GOKUMAN69: yeah
(32:19 / Allies) Thug_Life07: oj
(32:22 / Allies) Thug_Life07: u even there?
(32:29 / Allies) Thug_Life07: oh shit
(32:32 / Allies) Thug_Life07: forgot u had fountain
(32:36 / Allies) Thug_Life07: hmm
(32:46 / Allies) Thug_Life07: did u plan it out like this?
(32:50 / Allies) GOKUMAN69: yes
(32:51 / All) Schnell: No gold
(32:52 / All) Schnell: ?
(32:53 / Allies) GOKUMAN69: if I get this map
(32:56 / Allies) GOKUMAN69: I do this
(33:06 / Allies) Thug_Life07: but because u did this
(33:13 / Allies) Thug_Life07: we had no chance when they attaked u kno this right?
(33:33 / Allies) Thug_Life07: howd u get there ne way?
(33:43 / Allies) GOKUMAN69: im pro
(33:53 / Allies) Thug_Life07: charm it?
(33:56 / All) Schnell: :(
(34:04 / All) Schnell: have to admit that first charm was clever
(34:09 / All) Schnell: Didnt remember that :)
(35:00 / All) Thug_Life07: |ok so i dont think its my signal strenght
(35:03 / All) Thug_Life07: i think i have a virus
(35:13 / All) Thug_Life07: or my video card isnt good enuf
(35:16 / All) Thug_Life07: wut u guys think?
(35:29 / All) GOKUMAN69: you a noob thats all
(35:36 / All) Thug_Life07: purp?
(35:39 / All) Thug_Life07: wut u think?
(35:50 / All) Thug_Life07: ok green cuz ur so pro?
(36:15 / All) Thug_Life07: i think its my video card
(37:19 / All) Schnell: 11 buildings left?
(38:07 / Allies) Thug_Life07: y dont u destroy all of their buildings?
(38:16 / Allies) Thug_Life07: instead of figuring out how ur gonna attak his dryads?
(38:27 / Allies) GOKUMAN69: that
(38:35 / Allies) GOKUMAN69: isn't how you play this map
(38:46 / Allies) Thug_Life07: so this is the waiting game?
(39:28 / Allies) Thug_Life07: have u ever actaully WON doing this?
(39:45 / Allies) Thug_Life07: chase him
(39:52 / Allies) Thug_Life07: o ur fuked
(39:54 / Allies) Thug_Life07: u better run
(40:17 / All) Schnell: :)
(40:18 / Allies) Thug_Life07: u gotta kill hippos wit frostie
(40:20 / All) Schnell: Going to win?
(41:38 / All) Schnell: Not looking too good for you
(41:45 / All) GOKUMAN69: cool
(41:46 / All) Schnell: 1100
(41:46 / All) the-taider2: yezzur
(42:08 / All) Thug_Life07: how muc does u have yellow?
(42:13 / All) Schnell: 14k
(42:46 / All) Thug_Life07: y dont u guys mass hippos then and just go for it?
(43:06 / All) Schnell: Well.
(43:10 / All) Schnell: + hero
(43:21 / All) Schnell: Hero = 10 units at that level
(43:46 / Allies) Thug_Life07: did u kill them?
(43:56 / Allies) Thug_Life07: gren?
(47:05 / Allies) Thug_Life07: green how u gonna outlast them when they got a shit load of gold
(48:06 / Allies) Thug_Life07: RUN
(49:23 / Allies) Thug_Life07: GREEN U REALLY DONT PLAN ON LEAVIN DO U?
(49:28 / All) Schnell: 7 buildings
(49:31 / All) Schnell: DOwn from 11 :(
(49:33 / All) Schnell: OH MAN 8
(49:36 / Allies) GOKUMAN69: nope
(49:47 / All) Schnell: Nine.
(50:21 / All) Schnell: not this
(50:24 / All) Schnell: but stuff like it
(50:28 / All) GOKUMAN69: ?
(50:34 / All) Thug_Life07: HYUH?
(53:04 / All) Schnell: blink up
(53:43 / All) Schnell: just stay there
(55:08 / All) Gorilla: FLYERS WIN!!!!!!!!!!!!!!!!!!!!!!!!!!!!
(55:20 / All) Gorilla: IN DOUBLE OVERTIME
(55:23 / All) Schnell: not those
(55:57 / All) the-taider2: this is gay
(56:03 / All) Schnell: Man you predict movement well
(56:12 / All) GOKUMAN69: map hack
(56:44 / All) Schnell: ROFL
(56:47 / All) Schnell: So far
(59:41 / All) Schnell: blink up there
(59:41 / All) GOKUMAN69: welcome to highperch enjoy your stay
(60:04 / All) Schnell: Explains the awful record.
(60:05 / All) Schnell: :)
(60:18 / Allies) GOKUMAN69: what's so bad about it?
(60:26 / All) Schnell: just need to get close to acolyte
(60:37 / All) Schnell: WOOPS LOL
(60:39 / All) Schnell: :(
(61:51 / All) Gorilla: WHAT DO YOU CALL A FEMALE PEACOCK?
(61:57 / All) Schnell: Peacunt?
(61:58 / All) Gorilla: A PEACUNT!!!!!!!!!!!!!!!!!!!!!!!!!!!!
(62:01 / All) Gorilla: YAAAAA
(64:00 / All) Schnell: Even if you do kill all the chims
(64:03 / All) Schnell: You cant win
(64:05 / Allies) GOKUMAN69: ok
(64:08 / All) GOKUMAN69: cool
(64:12 / All) GOKUMAN69: I dont want to win
(64:13 / All) Schnell: We can :)
(64:30 / All) GOKUMAN69: I just want a fun game
(64:39 / All) Schnell: This is fun?
(64:43 / All) Schnell: You wouldnt rather do another game?
(64:50 / All) Schnell: Most people consider winning as fun.
(64:54 / Allies) GOKUMAN69: nope
(64:57 / All) GOKUMAN69: nope
(65:14 / All) Schnell: I wouldnt call this griefing either though so I dunno.
(65:17 / All) Schnell: Not sure what I would call it
(65:27 / All) GOKUMAN69: I call highperch
(66:38 / All) Schnell: ROFL
(66:42 / All) Schnell: Range on that spell plz
(66:44 / All) Schnell: 2k?
(66:51 / All) GOKUMAN69: 3000
(70:07 / All) GOKUMAN69: I like this hero how about you guys?
(70:38 / All) Schnell: Finally he listens
(70:41 / All) Schnell: gg
(70:43 / All) Schnell: Eventually
(71:29 / All) Schnell: how do you have gold
(71:29 / All) Schnell: Rofl
(73:07 / All) the-taider2: this is stupi
(73:11 / All) Schnell: :)
(73:12 / All) the-taider2: stupid
(73:13 / All) Schnell: Its cute
(73:20 / All) Schnell: Like a retard trying to drink out of a sippy-cup.
(76:29 / All) Gorilla: i hope u get ass cancer
(77:53 / All) GOKUMAN69: and then there we're two
(78:00 / All) Schnell: 4?
(78:19 / All) GOKUMAN69: nope only 2 noobs you and Blu
(78:25 / All) GOKUMAN69: Blu
(78:26 / All) Schnell: Oh.
(78:28 / All) GOKUMAN69: drop da e
(78:33 / All) Gorilla: word
(81:59 / All) GOKUMAN69: LEVEL 10
(82:02 / All) GOKUMAN69: caPS
(88:47 / All) GOKUMAN69: yo oj you here?
(95:43 / All) GOKUMAN69: Gg
(96:25 / All) GOKUMAN69: ty for the free win